 Dungeon Crawl Stone Soup version 0.29-a0-459-g97dee8cd24 (webtiles) character file.

Game seed: 13680368685341385865

238415 RepHenryClay the Acrobat (level 18, 0/101 HPs)
             Began as a Deep Elf Venom Mage on May 19, 2022.
             Was the Champion of Vehumet.
             Killed from afar by a will-o-the-wisp (10 damage)
             ... with a foxfire
             ... on level 1 of the Swamp on May 20, 2022.
             The game lasted 02:29:26 (52249 turns).

RepHenryClay the Acrobat (Deep Elf Venom Mage)     Turns: 52249, Time: 02:29:27

Health: 0/101      AC: 16    Str:  5    XL:     18   Next: 99%
Magic:  16/43      EV: 28    Int: 31    God:    Vehumet [******]
Gold:   2356       SH:  7    Dex: 21    Spells: 11/55 levels left

rFire   . . .      SeeInvis +   H - staff of poison
rCold   + + +      Faith    .   r - +0 buckler
rNeg    + + .      Spirit   .   S - +4 skin of Zhor {*Englaciate rC+++ SInv}
rPois   +          Reflect  .   v - +3 crown of Dyrovepreva {rElec Int+2 SInv}
rElec   +          Harm     .   n - +0 cloak of Whack-A-Mole {rElec rN+ Will++}
rCorr   .          Rampage  .   j - +2 pair of gloves
Will    +++++      Archmagi +   N - +2 pair of boots {Stlth+}
Stlth   ++++...... Clarity  +   x - amulet of the Four Winds {rN+ Will+++ Clar}
HPRegen 0.26/turn               m - +6 ring of dexterity
MPRegen 0.28/turn               V - ring of the Mage {Wiz Archmagi}

@: no status effects
A: hooves 1, sense surroundings 1
}: 1/15 runes: gossamer
a: Renounce Religion


You were on level 1 of the Swamp.
You worshipped Vehumet.
Vehumet was exalted by your worship.
You visited 7 branches of the dungeon, and saw 33 of its levels.
You visited the Abyss 1 time.
You visited 1 bazaar.
You also visited: Ice Cave.

You collected 4855 gold pieces.
You spent 2499 gold pieces at shops.

Inventory:

Armour
 j - a +2 pair of gloves (worn)
 n - the +0 cloak of Whack-A-Mole (worn) {rElec rN+ Will++}
   (You found it on level 3 of the Elven Halls)

   rElec:     It insulates you from electricity.
   rN:        It protects you from negative energy.
   Will:      It greatly increases your willpower.
 r - a +0 buckler (worn)
 v - the +3 crown of Dyrovepreva (worn) {rElec Int+2 SInv}
   (You bought it in a shop on level 10 of the Dungeon)

   Int:       It affects your intelligence (+2).
   rElec:     It insulates you from electricity.
   SInv:      It lets you see invisible.
 z - a +2 leather armour of poison resistance
 N - a +2 pair of boots of stealth (worn)
 S - the +4 skin of Zhor (worn) {*Englaciate rC+++ SInv}
   (You found it in an ice cave)

   It radiates cold, occasionally slowing all nearby creatures who are not
   resistant to cold.
   rC:        It renders you almost immune to cold.
   SInv:      It lets you see invisible.
Magical Staves
 a - a staff of conjuration
 i - a staff of earth
 H - a staff of poison (weapon)
Jewellery
 m - a +6 ring of dexterity (left hand)
 p - the ring of Xarhuk {rElec AC+4 Str+4 Int+4}
   (You bought it in a shop in a bazaar)

   [ring of protection]

   AC:        It affects your AC (+4).
   Str:       It affects your strength (+4).
   Int:       It affects your intelligence (+4).
   rElec:     It insulates you from electricity.
 u - a ring of resist corrosion
 x - the amulet of the Four Winds (around neck) {rN+ Will+++ Clar}
   (You took it off a deep elf elementalist on level 3 of the Elven Halls)

   [amulet of nothing]

   rN:        It protects you from negative energy.
   Clar:      It protects you against confusion.
   Will:      It greatly increases your willpower.
 F - a ring of flight
 K - a ring of protection from cold
 U - an amulet of regeneration
 V - the ring of the Mage (right hand) {Wiz Archmagi}
   (You took it off a deep elf blademaster on level 3 of the Elven Halls)

   [ring of wizardry]

   It improves your spell success rate.
   Archmagi:  It increases the power of your magical spells.
 Y - a ring of protection from fire
 Z - the ring of Pepis {rC+ Int+8 Slay-5}
   (You bought it in a shop in a bazaar)

   [ring of protection from cold]

   Int:       It affects your intelligence (+8).
   Slay:      It affects your accuracy & damage with ranged weapons and melee
   (-5).
   rC:        It protects you from cold.
Wands
 h - a wand of charming (11)
 y - a wand of digging (10)
 D - a wand of mindburst (16)
 G - a wand of acid (8)
 O - a wand of iceblast (8)
 R - a wand of paralysis (3)
Scrolls
 e - 3 scrolls of poison
 g - 7 scrolls of amnesia
 l - 18 scrolls of identify {@r1}
 q - 2 scrolls of blinking
 s - 4 scrolls of enchant weapon
 t - a scroll of brand weapon
 w - a scroll of summoning
 B - 5 scrolls of enchant armour
 J - 6 scrolls of teleportation
 M - 4 scrolls of fear
 T - a scroll of magic mapping
Potions
 b - 5 potions of magic
 c - 10 potions of might
 d - 3 potions of flight
 f - 2 potions of heal wounds
 k - 6 potions of resistance
 o - 2 potions of invisibility
 A - 8 potions of brilliance
 E - 5 potions of curing
 I - 3 potions of attraction
 L - a potion of haste
 P - 2 potions of cancellation
 W - 8 potions of ambrosia
 X - 4 potions of mutation
Miscellaneous
 C - a lightning rod (4/4)
 Q - a condenser vane


   Skills:
 - Level 7.4 Fighting
 - Level 4.2 Staves
 - Level 21.1 Dodging
 - Level 2.8 Stealth
 - Level 10.1 Shields
 - Level 19.0 Spellcasting
 - Level 17.5 Conjurations
 - Level 1.5 Transmutations
 - Level 10.4 Air Magic
 + Level 12.8 Earth Magic
 - Level 9.2 Poison Magic
 - Level 4.6 Evocations


You had 11 spell levels left.
You knew the following spells:

 Your Spells              Type           Power      Damage    Failure   Level
a - Iron Shot             Conj/Erth      55%        9d10      1%          6
b - Orb of Destruction    Conj           59%        9d14      1%          7
c - Mephitic Cloud        Conj/Pois/Air  100%       N/A       1%          3
d - Maxwell's Capacitive  Air            48%        ∞         14%         8
e - Olgreb's Toxic Radia  Pois           100%       N/A       1%          4
f - Airstrike             Air            48%        N/A       1%          4
g - Lightning Bolt        Conj/Air       54%        1d75      1%          5
h - Poisonous Vapours     Pois/Air       100%       N/A       1%          2
i - Freezing Cloud        Conj/Ice/Air   46%        6-21      1%          5

Your spell library contained the following spells:

 Spells                   Type           Power      Damage    Failure   Level
 Fire Storm               Conj/Fire      45%        8d11      96%         9
 Ignition                 Fire           22%        3d8       99%         8
 Magic Dart               Conj           100%       1d8       0%          1
 Sandblast                Erth           100%       2d20      0%          1
 Shock                    Conj/Air       100%       1d9       0%          1
 Searing Ray              Conj           100%       2d8       0%          2
 Stone Arrow              Conj/Erth      100%       3d13      0%          3
 Beastly Appendage        Tmut           100%       N/A       1%          1
 Necrotize                Necr           100%       1d9       1%          1
 Slow                     Hex            100%       N/A       1%          1
 Sting                    Tmut/Pois      100%       1d8       1%          1
 Dazzling Flash           Conj/Hex       100%       N/A       1%          3
 Ignite Poison            Fire/Tmut/Pois 86%        N/A       1%          3
 Portal Projectile        Hex/Tloc       88%        N/A       1%          3
 Vampiric Draining        Necr           44%        2d9       1%          3
 Animate Armour           Summ/Erth      100%       N/A       1%          4
 Corpse Rot               Necr/Pois/Air  100%       N/A       1%          4
 Fulminant Prism          Conj/Hex       45%        3d21      1%          4
 Petrify                  Tmut/Erth      84%        N/A       1%          4
 Summon Lightning Spire   Summ/Air       75%        N/A       1%          4
 Silence                  Hex/Air        37%        N/A       1%          5
 Conjure Ball Lightning   Conj/Air       54%        3x3d20    1%          6
 Lehudib's Crystal Spear  Conj/Erth      55%        10d13     2%          8
 Eringya's Noxious Bog    Tmut/Pois      48%        N/A       3%          6
 Statue Form              Tmut/Erth      56%        N/A       4%          6
 Anguish                  Hex/Necr       22%        N/A       6%          4
 Cause Fear               Hex            22%        N/A       6%          4
 Dispel Undead            Necr           44%        3d17      6%          4
 Passage of Golubria      Tloc           44%        N/A       6%          4
 Blade Hands              Tmut           28%        N/A       9%          5
 Agony                    Necr           44%        N/A       16%         5
 Metabolic Englaciation   Hex/Ice        22%        N/A       16%         5
 Summon Forest            Summ/Tloc      22%        N/A       16%         5
 Shatter                  Erth           52%        3d39*     56%         9
 Simulacrum               Ice/Necr       22%        N/A       65%         6
 Dragon Form              Tmut           28%        N/A       93%         7
 Enfeeble                 Hex            22%        N/A       99%         7
 Summon Hydra             Summ           22%        N/A       99%         7
 Dragon's Call            Summ           22%        N/A       100%        9
 Polar Vortex             Ice            22%        N/A       100%        9


Dungeon Overview and Level Annotations

Branches:
Dungeon (15/15)            Temple (1/1) D:6            Lair (6/6) D:11
  Swamp (2/4) Lair:2       Spider (4/4) Lair:4        Slime (0/5) Lair:5
    Orc (2/2) D:12            Elf (3/3) Orc:2        Vaults (0/5) D:13
 Depths (0/4) D:15          IceCv (visited)

Altars:
Ashenzari
Cheibriados
Dithmenos
Elyvilon
Fedhas
Gozag
Hepliaklqana
Kikubaaqudgha
Makhleb
Nemelex Xobeh
Okawaru
Qazlal
Ru
Sif Muna
Trog
Uskayaw
Vehumet
Wu Jian
Xom
Yredelemnul
Zin
The Shining One
Beogh
Jiyva

Shops:
D:10 [   D:13 *   D:15 **?(   Orc:1 ?   Orc:2 =:(=

Annotations:
Lair:5 1 runed translucent door
Spider:1 unfinished
Elf:2 3 runed translucent doors


Innate Abilities, Weirdness & Mutations

You have large cloven feet.
You passively map a small area around you.


Message History

Vehumet accepts your kill.
You feel your power returning.
Damage: -2%(-2hp) hp: 58%(58hp)
You are too injured to fight recklessly!
You are too injured to fight recklessly!
You hit the alligator but do no damage.
You envenom the alligator.
The alligator is poisoned.
The alligator is moderately wounded.
The alligator misses you.
The alligator tail-slaps you but does no damage.
You completely miss the alligator.
The alligator is moderately wounded.
The alligator completely misses you. x2
You barely miss the alligator.
The alligator is moderately wounded.
A will-o-the-wisp comes into view.
The alligator bites you! The alligator completely misses you.
Damage: -10%(-10hp) hp: 48%(48hp)
The will-o-the-wisp gives a chilling moan.
You hit the alligator but do no damage.
You envenom the alligator.
The alligator looks even sicker.
The alligator is moderately wounded.
You radiate an aura of cold.
The alligator resists.
The will-o-the-wisp is unaffected.
A five-headed hydra comes into view.
The alligator puts on a burst of speed!
The will-o-the-wisp gestures.
The will-o-the-wisp conjures some foxfire! 2 foxfires come into view.
Okay, then.
Unknown command.
The alligator attacks as you move away! You block the alligator's attack.
The alligator tail-slaps you!
* * * LOW HITPOINT WARNING * * *
The foxfire hits you!!
* * * LOW HITPOINT WARNING * * *
The will-o-the-wisp gestures.
The will-o-the-wisp conjures some foxfire!
The foxfire hits you!
You die...

* ≈ * * * ..≈.
≈≈≈ * ♣ ,≈≈≈ ,
, ♣., ≈.≈ ≈
♣≈≈♣♣♣. , ≈ , ,
.≈.§≈..♣♣* ≈ *
≈ .≈..≈≈..♣ *
≈.[≈≈≈§@♣♣ *
..≈≈≈§v.t♣ ,
≈≈≈≈§§≈§§..♣
≈≈≈≈§§≈§§§≈..≈♣
,
≈.vv≈≈§§§≈...♣
* ≈ ≈ ≈
≈.§v≈≈≈≈≈≈.≈.♣
,
D≈≈≈≈..≈≈≈.≈♣♣
.≈≈≈≈.≈...♣♣♣ *
(≈≈≈..♣♣♣♣


You could see an alligator (swift, very poisoned, slow), a five-headed hydra
(wandering) and a will-o-the-wisp.

Vanquished Creatures
  Nikola (Swamp:1)
  2 deep elf master archers (Elf:3)
  2 deep elf blademasters (Elf:3)
  Kirke (Elf:1)
  8 emperor scorpions
  4 deep elf sorcerers
  4 deep elf elementalists (Elf:3)
  3 ghost moths
  3 broodmothers
  11 deep elf demonologists (Elf:3)
  A bunyip (Swamp:1)
  8 deep elf annihilators
  8 entropy weavers
  2 spark wasps
  3 dire elephants (Lair:6)
  11 deep elf death magi
  Snorg (Lair:5)
  3 deep elf high priests (Elf:3)
  8 vault guards (D:13)
  7 boulder beetles
  11 hydras
  4 two-headed ogres
  6 radroaches
  3 centaur warriors (D:15)
  19 dancing weapons
  4 tengu warriors
  A jorogumo (Spider:1)
  2 alligators (Swamp:1)
  6 death yaks
  13 deep elf knights
  Urug (D:11)
  Sonja (Lair:5)
  9 orc high priests
  A spectral death yak (Lair:6)
  9 pharaoh ants
  A skeletal warrior (D:15)
  5 sun moths
  12 steelbarb worms
  A spectral anaconda (Lair:6)
  A tengu zombie (D:15)
  10 orb spiders
  A flayed ghost (D:15)
  17 deep elf archers
  2 bog bodies
  3 obsidian statues
  An iron dragon zombie (D:15)
  6 necromancers
  5 wolf spiders
  2 orc knights
  25 deep elf pyromancers
  A lindwurm (shapeshifter) (Elf:1)
  30 deep elf zephyrmancers
  3 oklob plants
  6 ugly things
  A mana viper (shapeshifter) (Elf:3)
  2 orc sorcerers (Orc:1)
  3 moths of wrath
  5 cyclopes
  A stone giant zombie (D:15)
  22 elephants
  3 manticores
  2 dire elephant zombies (Lair:6)
  7 black mambas
  8 cane toads
  7 torpor snails
  2 ice statues (IceCv)
  2 gargoyles
  Maggie (Lair:1)
  12 komodo dragons
  An efreet (D:14)
  12 demonic crawlers
  Psyche (D:9)
  6 rime drakes
  A tengu conjurer (D:14)
  2 anaconda simulacra (IceCv)
  3 entropy weaver simulacra (IceCv)
  6 ice devils (IceCv)
  7 meliai
  A polar bear (shapeshifter) (D:15)
  6 trolls
  A hornet (D:8)
  A wolf spider simulacrum (D:14)
  2 polar bears
  23 slime creatures
  26 tarantellas
  2 large abominations (Elf:1)
  13 blink frogs
  2 spectral elephants (Lair:6)
  15 jumping spiders
  7 air elementals
  A culicivora (shapeshifter) (Elf:1)
  17 culicivoras
  A vampire (D:12)
  3 dire elephant simulacra (IceCv)
  3 water elementals
  A shadow (D:13)
  3 wyverns
  3 fire elementals
  A spriggan (Lair:2)
  A wraith (D:12)
  35 yaks
  A hog (shapeshifter) (D:15)
  Grum (D:9)
  2 basilisks
  14 vampire mosquitoes
  36 redbacks
  3 steam dragons
  A death yak simulacrum (Lair:6)
  8 wargs
  4 spectral cane toads (Lair:6)
  2 harpy simulacra (IceCv)
  7 acid dragons
  12 water moccasins
  19 orc warriors
  A swamp drake (D:12)
  2 ice beasts (D:8)
  An elephant zombie (Lair:6)
  3 sky beasts (D:13)
  22 wolves
  11 centaurs
  8 ogres
  2 phantoms
  An elephant skeleton (Lair:6)
  3 elf zombies (Elf:1)
  2 kobold brigands
  12 bullfrogs
  A gnoll sergeant (D:9)
  3 earth elementals
  4 cane toad simulacra (Lair:6)
  2 scorpions
  A two-headed ogre simulacrum (IceCv)
  3 wights (D:7)
  4 electric eels
  6 howler monkeys
  5 hounds
  2 gnoll shamans
  3 jellies
  Crazy Yiuf (D:3)
  2 iguanas
  34 orc priests
  Jessica (D:2)
  Terence (D:2)
  Natasha (thrice) (D:2)
  26 orc wizards
  5 hell rats (Lair:4)
  3 wolf simulacra (IceCv)
  6 adders
  23 gnolls
  13 white imps
  An ufetubus (D:7)
  4 worms
  7 dart slugs
  72 orcs
  3 bats (D:1)
  4 endoplasms
  6 giant cockroaches
  7 goblins
  5 hobgoblins
  4 jackals (D:2)
  2 quokkas
  3 ball pythons
  5 frilled lizards
  14 kobolds
  3 rats
1068 creatures vanquished.

Vanquished Creatures (others)
  A deep elf elementalist (Elf:3)
  A hell rat (Lair:4)
  A foxfire (Swamp:1)
  24 fungi
  30 plants
  37 withered plants
94 creatures vanquished.

Grand Total: 1162 creatures vanquished

Notes
Turn   | Place    | Note
-------+----------+-------------------------------------------
     0 | D:1      | RepHenryClay the Deep Elf Venom Mage began the quest for
                  | the Orb.
     0 | D:1      | Reached XP level 1. HP: 10/10 MP: 6/6
   267 | D:1      | Reached XP level 2. HP: 12/15 MP: 2/8
   489 | D:1      | Got the Almanac of Destructive Flight
   694 | D:1      | Found a faded altar of an unknown god.
   728 | D:1      | Learned a level 2 spell: Poisonous Vapours
   838 | D:1      | Reached XP level 3. HP: 13/19 MP: 2/9
  1035 | D:2      | Reached skill level 1 in Air Magic
  1396 | D:2      | Noticed Jessica
  1404 | D:2      | Killed Jessica
  1405 | D:2      | Reached XP level 4. HP: 9/24 MP: 6/10
  1613 | D:2      | Noticed Natasha
  1621 | D:2      | Killed Natasha
  1926 | D:2      | Noticed Natasha
  2041 | D:2      | Noticed Terence
  2142 | D:2      | Killed Terence
  2144 | D:2      | Reached XP level 5. HP: 25/28 MP: 3/11
  2251 | D:2      | Killed Natasha
  2348 | D:2      | Noticed Natasha
  2355 | D:2      | Killed Natasha
  2356 | D:2      | Reached skill level 5 in Poison Magic
  3268 | D:3      | Found a hide-covered altar of Uskayaw.
  3276 | D:3      | Learned a level 3 spell: Mephitic Cloud
  3279 | D:3      | Learned a level 2 spell: Searing Ray
  3401 | D:3      | Found a runed translucent door.
  3402 | D:3      | Noticed Crazy Yiuf
  3711 | D:3      | Killed Crazy Yiuf
  3712 | D:3      | Reached skill level 3 in Dodging
  3712 | D:3      | Reached XP level 6. HP: 32/32 MP: 2/12
  3840 | D:4      | Found a broken altar of Ashenzari.
  3865 | D:4      | Reached skill level 1 in Conjurations
  4174 | D:4      | Found a glowing golden altar of the Shining One.
  4239 | D:4      | Found a burning altar of Makhleb.
  4642 | D:4      | Found an opulent altar of Gozag.
  4916 | D:5      | Entered Level 5 of the Dungeon
  5098 | D:5      | Reached skill level 4 in Dodging
  5247 | D:5      | Reached XP level 7. HP: 33/36 MP: 13/13
  5302 | D:5      | Reached skill level 5 in Dodging
  5421 | D:5      | Noticed a steam dragon
  5525 | D:5      | Reached skill level 6 in Dodging
  5938 | D:6      | Reached skill level 5 in Conjurations
  5950 | D:6      | Reached XP level 8. HP: 19/41 MP: 9/14
  5952 | D:6      | Reached skill level 7 in Dodging
  6569 | D:6      | Found a staircase to the Ecumenical Temple.
  6579 | Temple   | Entered the Ecumenical Temple
  6626 | Temple   | Became a worshipper of Vehumet
  6918 | D:6      | Found a basalt altar of Yredelemnul.
  6975 | D:6      | Found a hazy altar of Hepliaklqana.
  7096 | D:7      | You fall into a shaft and drop 3 floors!
  7096 | D:10     | Entered Level 10 of the Dungeon
  7143 | D:10     | HP: 2/41 [poisoned by an orc warrior]
  7181 | D:10     | Reached skill level 8 in Dodging
  7329 | D:10     | Found an ornate altar of the Wu Jian Council.
  7481 | D:10     | Noticed a two-headed ogre
  7496 | D:10     | Found a shadowy altar of Dithmenos.
  7533 | D:10     | Learned a level 4 spell: Olgreb's Toxic Radiance
  7550 | D:10     | Noticed a gargoyle
  7572 | D:9      | Noticed Grum
  7583 | D:8      | Found a bloodstained altar of Trog.
  7594 | D:8      | Reached XP level 9. HP: 38/45 MP: 9/15
  7599 | D:8      | Reached * piety under Vehumet
  7599 | D:8      | Offered knowledge of Freeze by Vehumet.
  8763 | D:8      | Found an ancient bone altar of Kikubaaqudgha.
  8768 | D:8      | Learned a level 3 spell: Stone Arrow
  8771 | D:8      | Found a blossoming altar of Fedhas.
  8999 | D:8      | Reached skill level 9 in Dodging
  9316 | D:8      | Found a stormy altar of Qazlal.
  9572 | D:9      | Noticed a troll
  9573 | D:9      | Noticed Psyche
  9636 | D:9      | Killed Grum
  9637 | D:9      | Reached skill level 5 in Air Magic
  9735 | D:9      | Noticed a two-headed ogre
  9738 | D:9      | Reached XP level 10. HP: 50/50 MP: 14/18
  9749 | D:9      | Killed a two-headed ogre
  9750 | D:9      | Reached skill level 10 in Dodging
 10013 | D:9      | Reached skill level 11 in Dodging
 10399 | D:9      | Killed Psyche
 10406 | D:9      | Offered knowledge of Static Discharge by Vehumet.
 10520 | D:9      | Reached ** piety under Vehumet
 10768 | D:9      | Learned a level 4 spell: Airstrike
 10942 | D:10     | Killed a two-headed ogre
 11062 | D:10     | Found Efulu's Armour Shop.
 11070 | D:10     | Bought the +3 crown of Dyrovepreva {rElec Int+2 SInv} for
                  | 414 gold pieces
 11070 | D:10     | Found the +3 crown of Dyrovepreva {rElec Int+2 SInv}
 11116 | D:10     | Killed a gargoyle
 11294 | D:11     | Noticed an eight-headed hydra
 11550 | D:11     | Found a staircase to the Lair.
 11571 | D:11     | Noticed Urug
 11612 | D:11     | Killed Urug
 11613 | D:11     | Reached skill level 5 in Spellcasting
 11613 | D:11     | Reached XP level 11. HP: 51/54 MP: 8/21
 11613 | D:11     | Noticed a tengu warrior
 11671 | D:10     | Killed a tengu warrior
 11990 | D:10     | Found an ornate altar of the Wu Jian Council.
 12450 | D:10     | Found Efulu's Armour Shop.
 12617 | D:11     | Noticed an eight-headed hydra
 12665 | D:11     | Noticed a two-headed ogre
 12765 | D:12     | Noticed a boulder beetle
 12777 | D:12     | Killed a boulder beetle
 12825 | D:12     | Learned a level 5 spell: Lightning Bolt
 12941 | D:11     | Noticed a two-headed ogre
 12969 | D:11     | Killed a two-headed ogre
 13022 | D:11     | Killed a two-headed ogre
 13023 | D:11     | Reached skill level 12 in Dodging
 13162 | D:11     | Killed an eight-headed hydra
 13992 | D:11     | Found a staircase to the Lair.
 14385 | D:11     | Found a staircase to the Lair.
 14391 | D:11     | Killed an eight-headed hydra
 15943 | D:12     | Reached skill level 10 in Air Magic
 16136 | D:12     | Reached XP level 12. HP: 56/59 MP: 21/27
 16703 | D:12     | Reached skill level 13 in Dodging
 16714 | D:12     | Offered knowledge of Conjure Flame by Vehumet.
 16904 | D:12     | Found a staircase to the Orcish Mines.
 16916 | D:12     | Reached *** piety under Vehumet
 17280 | Orc:1    | Entered Level 1 of the Orcish Mines
 17290 | Orc:1    | Reached skill level 10 in Conjurations
 17568 | Orc:1    | Offered knowledge of Frozen Ramparts by Vehumet.
 17586 | Orc:1    | Found Qastringa's Magic Scroll Emporium.
 17612 | Orc:1    | Bought a scroll of identify for 22 gold pieces
 17612 | Orc:1    | Bought a scroll of summoning for 104 gold pieces
 17612 | Orc:1    | Bought a scroll of identify for 22 gold pieces
 17612 | Orc:1    | Bought a scroll of identify for 22 gold pieces
 18057 | Orc:2    | Entered Level 2 of the Orcish Mines
 18327 | Orc:2    | Reached **** piety under Vehumet
 18338 | Orc:2    | Found a staircase to the Elven Halls.
 18344 | Orc:2    | Offered knowledge of Yara's Violent Unravelling by Vehumet.
 18421 | Orc:2    | Noticed an orc high priest
 18432 | Orc:2    | Killed an orc high priest
 18432 | Orc:2    | Noticed an orc high priest
 18509 | Orc:2    | Killed an orc high priest
 18575 | Orc:2    | Noticed an orc high priest
 18585 | Orc:2    | Killed an orc high priest
 18773 | Orc:2    | Found Igeezu's Weapon Boutique.
 18773 | Orc:2    | Found Aluwoxi's Jewellery Emporium.
 18846 | Orc:2    | Noticed an orc high priest
 18846 | Orc:2    | Noticed an orc high priest
 18849 | Orc:2    | Noticed an orc high priest
 18851 | Orc:2    | Reached ***** piety under Vehumet
 18853 | Orc:2    | Offered knowledge of Sticky Flame by Vehumet.
 18854 | Orc:2    | Killed an orc high priest
 18855 | Orc:2    | Killed an orc high priest
 18855 | Orc:2    | Killed an orc high priest
 19108 | Orc:2    | Noticed an orc high priest
 19114 | Orc:2    | Noticed an orc high priest
 19116 | Orc:2    | Gained mutation: You are frail. (-10% HP) [a neqoxec]
 19119 | Orc:2    | Killed an orc high priest
 19119 | Orc:2    | Killed an orc high priest
 19120 | Orc:2    | Reached XP level 13. HP: 40/56 MP: 14/28
 19146 | Orc:2    | Lost mutation: You are frail. (-10% HP) [potion of
                  | mutation]
 19146 | Orc:2    | Gained mutation: Potions are less effective at restoring
                  | your health. [potion of mutation]
 19147 | Orc:2    | Lost mutation: Potions are less effective at restoring your
                  | health. [potion of mutation]
 19147 | Orc:2    | Gained mutation: You have large cloven feet. [potion of
                  | mutation]
 19147 | Orc:2    | Gained mutation: You passively map a small area around you.
                  | [potion of mutation]
 19419 | Orc:2    | Found Kuad's Jewellery Boutique.
 19419 | Orc:2    | Found Mesups's Book Emporium.
 19600 | Orc:2    | Bought a +6 ring of dexterity for 643 gold pieces
 19608 | Orc:2    | Learned a level 6 spell: Iron Shot
 19744 | Lair:1   | Entered Level 1 of the Lair of Beasts
 19781 | Lair:1   | Noticed Maggie
 19783 | Lair:1   | Killed Maggie
 19784 | Lair:1   | Reached skill level 1 in Fighting
 19962 | Lair:1   | Reached skill level 1 in Earth Magic
 20123 | Lair:1   | Found a blossoming altar of Fedhas.
 20188 | Lair:1   | Found a shimmering altar of Xom.
 20928 | Lair:2   | Found a staircase to the Swamp.
 22059 | Lair:3   | You fall into a shaft and drop 2 floors!
 22059 | Lair:5   | Noticed Snorg
 22064 | Lair:5   | Reached skill level 5 in Earth Magic
 22064 | Lair:5   | Killed Snorg
 22278 | Lair:4   | Found a frozen archway.
 22285 | Lair:4   | Offered knowledge of Spellforged Servitor by Vehumet.
 22288 | Lair:4   | Reached skill level 5 in Fighting
 22329 | IceCv    | Entered an ice cave
 22980 | IceCv    | Found the +4 skin of Zhor {*Englaciate rC+++ SInv}
 23604 | Lair:3   | Reached XP level 14. HP: 80/80 MP: 8/29
 25712 | Lair:4   | Found a hole to the Spider Nest.
 26832 | Lair:5   | Offered knowledge of Orb of Destruction by Vehumet.
 26843 | Lair:5   | Learned a level 7 spell: Orb of Destruction
 26939 | Lair:5   | Noticed Sonja
 26942 | Lair:5   | Killed Sonja
 27082 | Lair:5   | Found a runed translucent door.
 27083 | Lair:5   | Found a viscous altar of Jiyva.
 27083 | Lair:5   | Noticed an azure jelly
 27083 | Lair:5   | Noticed an azure jelly
 27083 | Lair:5   | Noticed an azure jelly
 27088 | Lair:5   | Noticed an azure jelly
 27099 | Lair:5   | Found a staircase to the Slime Pits.
 27886 | Lair:6   | Entered Level 6 of the Lair of Beasts
 28113 | Lair:6   | Reached skill level 14 in Dodging
 28258 | Lair:6   | Reached skill level 15 in Conjurations
 29246 | Lair:6   | Reached skill level 15 in Dodging
 29846 | Lair:6   | Offered knowledge of Ozocubu's Refrigeration by Vehumet.
 29882 | Lair:6   | Reached XP level 15. HP: 86/86 MP: 15/30
 31240 | D:13     | Found a gate to the Vaults.
 31254 | D:13     | Reached skill level 10 in Earth Magic
 31257 | D:13     | Reached skill level 16 in Dodging
 31445 | D:13     | Found Wohuyme's Assorted Antiques.
 32864 | D:14     | Found a sacrificial altar of Ru.
 32924 | D:15     | Entered Level 15 of the Dungeon
 32935 | D:15     | Found a flickering gateway to a bazaar.
 32945 | Bazaar   | Entered a bazaar
 33063 | Bazaar   | Found Vity's Jewellery Shoppe.
 33077 | Bazaar   | Found Racsycay's Antique Weapon Emporium.
 33095 | Bazaar   | Found Huciusopp's Jewellery Shoppe.
 33162 | Bazaar   | Found Virphizxi's Assorted Antiques.
 33170 | Bazaar   | Bought a vibrating bronze ring for 115 gold pieces
 33170 | Bazaar   | Identified the ring of Pepis {rC+ Int+8 Slay-5} (You bought
                  | it in a shop in a bazaar)
 33207 | Bazaar   | Bought the ring of Xarhuk {rElec AC+4 Str+4 Int+4} for 1002
                  | gold pieces
 33346 | D:15     | Found Aqui's Antique Weapon Shoppe.
 33625 | D:15     | Found a staircase to the Depths.
 34641 | D:15     | Offered knowledge of Iskenderun's Battlesphere by Vehumet.
 34643 | D:15     | Found Woutem's Magic Scroll Shop.
 34652 | D:15     | Bought a scroll of teleportation for 54 gold pieces
 34652 | D:15     | Bought a scroll of magic mapping for 63 gold pieces
 34660 | D:15     | Found Wocaischy's Assorted Antiques.
 34862 | D:15     | Found Ifogh's Assorted Antiques.
 35076 | Spider:1 | Entered Level 1 of the Spider Nest
 35541 | D:15     | Bought a scroll labelled IRULON JOGIERR for 38 gold pieces
 36069 | Spider:1 | Reached skill level 17 in Dodging
 36520 | Spider:1 | Reached XP level 16. HP: 92/92 MP: 31/31
 36972 | Elf:1    | Entered Level 1 of the Elven Halls
 36984 | Elf:1    | Reached skill level 10 in Spellcasting
 37029 | Elf:1    | Paralysed by an air elemental for 1 turns
 37942 | Elf:1    | Got the Disquisition on Necromancy
 38686 | Elf:1    | Noticed Kirke
 38688 | Elf:1    | Killed Kirke
 39168 | Elf:1    | Reached skill level 15 in Spellcasting
 39479 | Elf:2    | Reached skill level 1 in Shields
 39884 | Elf:2    | Reached skill level 5 in Shields
 40261 | Elf:2    | Found a runed translucent gate.
 40365 | Elf:2    | Found a runed translucent gate.
 40366 | Elf:2    | Found a runed translucent gate.
 40657 | Elf:2    | Reached ****** piety under Vehumet
 40657 | Elf:2    | Offered knowledge of Eringya's Noxious Bog by Vehumet.
 40765 | Elf:2    | Identified the +0 scale mail "Taxaopum" {rPois rN++ Int-5}
 40882 | Elf:2    | Reached XP level 17. HP: 54/96 MP: 24/38
 41175 | Elf:2    | Paralysed by an air elemental for 1 turns
 41363 | Elf:3    | Entered Level 3 of the Elven Halls
 41397 | Elf:3    | Reached skill level 10 in Shields
 42786 | Spider:2 | Reached skill level 18 in Dodging
 42985 | Spider:2 | You fall into a shaft and drop 1 floor!
 43723 | Spider:2 | Reached skill level 19 in Dodging
 43728 | Spider:2 | Offered knowledge of Maxwell's Capacitive Coupling by
                  | Vehumet.
 43757 | Spider:1 | Learned a level 8 spell: Maxwell's Capacitive Coupling
 43896 | Spider:2 | Learned a level 5 spell: Freezing Cloud
 45231 | Elf:3    | Noticed a deep elf blademaster
 45236 | Elf:3    | Killed a deep elf blademaster
 45800 | Elf:3    | Noticed an Ice Fiend
 45804 | Elf:3    | Reached skill level 20 in Dodging
 46314 | Elf:3    | Cast into level 3 of the Abyss (a deep elf sorcerer)
 46318 | Elf:3    | Escaped the Abyss
 46321 | Elf:3    | Reached XP level 18. HP: 101/101 MP: 27/40
 46475 | Elf:3    | Identified the +9 plate armour of the Witching Gods {rN++
                  | Dex-2}
 46758 | Elf:3    | Reached skill level 21 in Dodging
 47016 | Elf:3    | Reached skill level 1 in Staves
 47016 | Elf:3    | Reached skill level 1 in Evocations
 47047 | Elf:3    | Identified the +1 leather armour of Gestures {rF- rN+++
                  | Str+4}
 47235 | Elf:3    | Got An Introduction to Spellweaving
 47237 | Elf:3    | Identified the +0 cloak of Whack-A-Mole {rElec rN+ Will++}
 47360 | Elf:3    | Identified the +0 plate armour "Efynkin" {*Slow rElec
                  | Regen+}
 47362 | Elf:3    | Identified the +6 scale mail of the Miller {Stlth+}
 47378 | Elf:3    | Got Vionk's Compendium of Execration and Unholy Rites
 48469 | Spider:3 | Offered knowledge of Fire Storm by Vehumet.
 48469 | Spider:3 | Offered knowledge of Shatter by Vehumet.
 48469 | Spider:3 | Offered knowledge of Ignition by Vehumet.
 48484 | Spider:3 | Identified the +0 pair of gloves "Ustroe Xyik" {rC+ Int-5
                  | SInv}
 48914 | Spider:4 | Entered Level 4 of the Spider Nest
 50112 | Spider:4 | Identified a scroll of acquirement
 50113 | Spider:4 | Acquired 1075 gold pieces
 50991 | Spider:4 | Got the Collected Works on Attacks and Clay
 51761 | Spider:4 | Got a gossamer rune of Zot
 51928 | Spider:4 | Upgraded the game from 0.29-a0-451-gfbfa42419e to
                  | 0.29-a0-459-g97dee8cd24
 52093 | Swamp:1  | Entered Level 1 of the Swamp
 52224 | Swamp:1  | Noticed Nikola
 52229 | Swamp:1  | Killed Nikola
 52230 | Swamp:1  | You fall into a shaft and drop 1 floor!
 52249 | Swamp:1  | Killed from afar by a will-o-the-wisp

Illustrated notes

Levels and vault maps discovered:
D:1:      co_arrival_square_in_a_square_in_a_square, layout_basic,
          shapermc_ecumenical_altar_totnotflames
D:2:      layout_loops_corners, grunt_ministairs_9,
          chequers_serial_rivers_marsh, uniq_natasha, uniq_jessica, uniq_terence
D:3:      layout_rooms, nicolae_uskayaw_suspiria, uniq_crazy_yiuf_cottage
D:4:      layout_basic, general_overflow_altar, amcnicky_altar_gilded,
          lemuel_doored_altar, kennysheep_little_box
D:5:      kennysheep_steamy, layout_basic,
          nicolae_concentric_dashed_squares_mild
D:6:      layout_rooms, kennysheep_mini_moat, lemuel_tele_altar, temple_green
D:7:      layout_basic, nicolae_figureground_pulse
D:8:      layout_layer_cave, grunt_temple_overflow_growth_and_decay,
          mainiacjoe_overflow_boulevard, nicolae_qazlal_style_of_elements
D:9:      layout_irregular_city, grunt_ogre_cave, uniq_grum, uniq_psyche
D:10:     layout_roguey, grunt_dithmenos_smoke, mainiacjoe_overflow_catwalk,
          serial_shops, nicolae_diamond_shop
D:11:     layout_basic, lair_entry_dummy, uniq_urug
D:12:     layout_cross, erik_orc_1, kennysheep_generic_room_13
D:13:     layout_roguey, erik_vaults_2, nicolae_stop_n_shop_1,
          dreamdust_looks_like_rain
D:14:     layout_cave_pools, minivault_24, st_stairs_3, nicolae_ru_path_of_blood
D:15:     gammafunk_depths_entry_grave, layout_long_grid, serial_bayou_pond_b,
          serial_shops, bzr_entry_dummy, shop, nicolae_shop_overgrown_old_shop,
          nicolae_shop_waterfront, shop
Temple:   jpeg_temple_island
Lair:1:   layout_chaotic_city, basic_altar, hangedman_tree_tricks, uniq_maggie
Lair:2:   layout_cave_pods, skrybe_swamp_entry_bodies,
          chequers_serial_rivers_large_a, minmay_lair_oklob_items,
          grunt_forest_large_clearing_hut, infiniplex_staircase_pool_2
Lair:3:   layout_layer_cave
Lair:4:   layout_regular_city, spider_nest_entry_web_field,
          portal_ice_cave_entry_imps, lemuel_fruit_tree, grunt_megastairs_4,
          serial_bayou_shore_b
Lair:5:   layout_cave_pods, slime_altar_2, st_stairs_13, grunt_megastairs_3,
          uniq_sonja, uniq_snorg
Lair:6:   due_jungle_book, layout_big_grid
Swamp:1:  layout_basic_swamp, evilmike_swamp_ruin_house_2, uniq_nikola
Swamp:2:  layout_basic_swamp, evilmike_swamp_ruin_house_3, swamp_pool2,
          statue_in_the_mist_lemuel, nicolae_swamp_oklob_treasure_island
Spider:1: layout_spider_delve
Spider:2: nicolae_spider_hilbert_zone_6 [nicolae_spider_hilbert_4_sides_1_open,
          nicolae_spider_hilbert_4_sides_1_open,
          nicolae_spider_hilbert_4_sides_1_open,
          nicolae_spider_hilbert_4_sides_1_open,
          nicolae_spider_hilbert_4_sides_1_open,
          nicolae_spider_hilbert_4_sides_1_open,
          nicolae_spider_hilbert_4_sides_1_open],
          hangedman_spider_tarantella_strand
Spider:3: layout_spider_delve
Spider:4: hellmonk_spider_rune_bug_friends, drop_trap
Orc:1:    layout_diamond_mine, serial_shops,
          nicolae_shop_temple_entry_statues_fountains
Orc:2:    st_orc_town, layout_diamond_mine, nicolae_orc_lava_tube
Elf:1:    eino_elf_arrival_sip, layout_gridlike, minmay_elf_necromancy,
          roderic_lattice_octagonal_star, uniq_kirke
Elf:2:    elven_hall_of_blades_hangedman_original
          [nicolae_blade_entry_area_security], layout_gridlike, nrook_uturn,
          david_greed
Elf:3:    minmay_elf_hall_hex, layout_loops_ring

Skill      XL: |  1  2  3  4  5  6  7  8  9 10 11 12 13 14 15 16 17 18 |
---------------+-------------------------------------------------------+-----
Air Magic      | 1 2 3 5 8 10 | 10.4
Poison Magic   | 4 5 6 9 |  9.2
Dodging        | 3 4 6 8 9 11 12 13 15 17 20 21 | 21.1
Conjurations   | 3 5 7 9 14 15 17 | 17.5
Spellcasting   | 4 5 9 15 16 19 | 19.0
Fighting       | 6 7 |  7.4
Earth Magic    | 8 9 11 12 | 12.8
Shields        | 9 10 | 10.1
Staves         | 4 |  4.2
Evocations     | 4 |  4.6
Stealth        | |  2.8
Transmutations | |  1.5

Action                   |  1- 3 |  4- 6 |  7- 9 | 10-12 | 13-15 | 16-18 || total
-------------------------+-------+-------+-------+-------+-------+-------++-------
Melee: Unarmed           |     6 |       |       |       |       |       ||     6
       Club              |       |     2 |       |       |       |       ||     2
       Long sword        |       |    70 |   122 |   233 |   431 |    68 ||   924
       Punch             |       |     4 |     2 |     1 |    11 |       ||    18
       Kick              |       |       |       |       |    23 |       ||    23
       Staff             |       |       |       |       |       |   116 ||   116
 Cast: Sting             |    43 |    19 |     2 |       |     2 |       ||    66
       Poisonous Vapours |     2 |    49 |    30 |    45 |    39 |   160 ||   325
       Mephitic Cloud    |       |     1 |     5 |    18 |     3 |     5 ||    32
       Searing Ray       |       |       |    14 |     7 |       |       ||    21
       Olgreb's Toxic Ra |       |       |     5 |    43 |    49 |    50 ||   147
       Stone Arrow       |       |       |     2 |       |       |       ||     2
       Airstrike         |       |       |       |    38 |     1 |     6 ||    45
       Lightning Bolt    |       |       |       |    58 |   246 |    59 ||   363
       Iron Shot         |       |       |       |       |    80 |   208 ||   288
       Orb of Destructio |       |       |       |       |    21 |   132 ||   153
       Freezing Cloud    |       |       |       |       |       |    19 ||    19
Evoke: Wand              |       |       |       |    13 |     9 |     6 ||    28
       Condenser vane    |       |       |       |       |     1 |     3 ||     4
  Use: Scroll            |       |     2 |    16 |     6 |    10 |    10 ||    44
       Potion            |       |     1 |     4 |     3 |     3 |     4 ||    15
 Stab: Sleeping          |       |     5 |     1 |       |     5 |     1 ||    12
       Confused          |       |       |       |     5 |       |     2 ||     7
Armor: Robe              |     6 |     8 |    33 |    57 |    59 |    20 ||   183
       Animal skin       |       |       |       |       |   119 |    76 ||   195
Dodge: Dodged            |    15 |    57 |   178 |   296 |   851 |   379 ||  1776
Block: Buckler           |       |       |       |       |       |   118 ||   118

Table legend: (Time is in decaauts)
 A = Elapsed time spent in this place.
 B = Non-inter-level travel time spent in this place.
 C = Inter-level travel time spent in this place.
 D = Time resting spent in this place.
 E = Time spent auto-exploring this place.
 F = Levels seen in this place.
 G = Mean time per level.
                   A        B        C        D        E       F      G
               +--------+--------+--------+--------+--------+-----+--------+
         Total |  52836 |  47224 |   5612 |   7855 |  30869 |  36 | 1467.7 |
       Dungeon |  21847 |  19660 |   2187 |   2818 |  13299 |  15 | 1456.5 |
        Temple |    309 |    272 |     37 |      0 |    256 |   1 |  309.0 |
          Lair |  10782 |   9586 |   1196 |   1429 |   6673 |   6 | 1797.0 |
         Swamp |    159 |    159 |      0 |    107 |     12 |   2 |   79.5 |
   Spider Nest |   7640 |   6598 |   1042 |   1743 |   3740 |   4 | 1910.0 |
  Orcish Mines |   2344 |   1999 |    345 |    131 |   1182 |   2 | 1172.0 |
   Elven Halls |   8298 |   7496 |    802 |   1007 |   5217 |   3 | 2766.0 |
         Abyss |      3 |      3 |      0 |      0 |      0 |   1 |    3.0 |
        Bazaar |    312 |    312 |      0 |      0 |    219 |   1 |  312.0 |
      Ice Cave |   1139 |   1139 |      0 |    620 |    269 |   1 | 1139.0 |
               +--------+--------+--------+--------+--------+-----+--------+

Top non-repeatable levels by time:
   Elf:3: 3100 daAuts
    D:11: 3050 daAuts
   Elf:1: 2827 daAuts
  Lair:5: 2467 daAuts
Spider:1: 2412 daAuts
   Elf:2: 2370 daAuts
  Lair:3: 2342 daAuts
    D:12: 2286 daAuts
    D:10: 2275 daAuts
Spider:4: 2274 daAuts
  Lair:6: 2054 daAuts
     D:2: 1941 daAuts
  Lair:2: 1616 daAuts
Spider:3: 1572 daAuts
    D:15: 1515 daAuts
